[Event "Early-Titled-Tuesday-Blitz-December-26-2023"]
[Site "Chess.com"]
[Date "2023.12.26"]
[Round "2"]
[White "Agibileg"]
[Black "Rozhkov_V"]
[Result "1-0"]
[WhiteElo "2697"]
[BlackElo "2385"]
[TimeControl "180+1"]
[EndTime "8:18:11 PST"]
[Termination "Agibileg won on time"]

1. d4 d5 2. c4 dxc4 3. Nf3 c6 4.
Nc3 b5 5. g4 b4 6. Na4 Bxg4 7.
Bg2 Nf6 8. Ne5 Bd7 9. Nc5 e6 10.
Ncxd7 Nfxd7 11. Nxc4 Be7 12. Qc2 O-O 13. Rg1 Bf6 14.
Be4 g6 15. Bh6 Bg7 16. Bxg7 Kxg7 17. h4 Nb6 18. O-O-O Nxc4 19. Qxc4 Qxh4 20. f3 Nd7 21. Kb1 Nb6 22. Qc1 f5 23. Rh1 Qe7 24. Bxc6 Rac8 25.
d5 exd5 26. Rxd5 Rxc6 27. Qxc6 Nxd5 28. Qxd5 Rd8 29. Qc4 a5 30. Qf4 Rc8 31. e4 fxe4 32.
fxe4 Qc7 33. Qh6+ Kg8 34. e5 Re8 35. Qh2 Rxe5 36. Qg3 Rc5 37. Qb3+ Kg7 38. Qh3 Kh8 39. Qe6 Re5 40. Qf6+ Kg8 41. Rc1 Qb8 42. Qa6 Re8 43.
Qxa5 Qf4 44. Qd5+ Kh8 45. Qd7 Qe4+ 46. Ka1 Qe7 47. Qd4+ Qe5 48. Qxb4 h5 49. a3 Re7 50.
Qb3 Kh7 51. Qc4 Qg7 52. Rg1 Rb7 53. Qd3 1-0

[Event "Early-Titled-Tuesday-Blitz-December-26-2023"]
[Site "Chess.com"]
[Date "2023.12.26"]
[Round "2"]
[White "NelsonLinda"]
[Black "sergoy"]
[Result "0-1"]
[WhiteElo "2622"]
[BlackElo "2941"]
[TimeControl "180+1"]
[EndTime "8:18:13 PST"]
[Termination "sergoy won by resignation"]

1. b3 e5 2. Bb2 Nc6 3. e3 Nf6 4.
Bb5 Bd6 5. Na3 Na5 6. Be2 a6 7. Nf3 Qe7 8. Qc1 b5 9. c4 b4 10. Nc2 c5 11. d3 e4 12. dxe4 Nxe4 13. O-O Bb7 14. Rd1 Nc6 15. Nce1 O-O-O 16. Bd3 f5 17. Qc2 Rhf8 18. Nd2 Nxf2 19. Kxf2 Qh4+ 20. Kf1 Qxh2 21. Ndf3 Qh1+ 22. Ke2 Bg3 23. Kd2 g5 24. Bxf5 Ne7 25. Be4 d5 26. cxd5 Nxd5 27. Bxd5 Rxd5+ 28. Kc1 Rxd1+ 29. Qxd1 Be4 30. Be5 Rd8 31. Qe2 Bd3 32. Qd2 Bb5 33. Qc2 Bxe5 34. Qxc5+ Bc7 35. Kb2 Qh6 36. Rc1 Qf6+ 37. Nd4 Rd7 38. Nf3 Kb7 39. Qxb4 g4 40. a4 Bd6 41. Qa5 Bc7 42. Qb4 Bd6 43. Qa5 Bd3 44. Nd2 Qe5 45. Qxe5 Bxe5 46.
Kc3 Bg6 47. Rf1 h5 48. Nc4 Bc7 49. Rf6 Be4 50. b4 Bxg2 51. Rh6 g3 52. b5 axb5 53. axb5 Bd5 54. b6 Bxc4 55. bxc7 Rxc7 56. Rxh5 Be2+ 57.
Kd2 Bxh5 58. Ke1 Rc1+ 59. Kd2 Rd1+ 60. Kc2 Rxd4 61. exd4 g2 0-1

[Event "Early-Titled-Tuesday-Blitz-December-26-2023"]
[Site "Chess.com"]
[Date "2023.12.26"]
[Round "2"]
[White "bazar-wokzal"]
[Black "JimDiGrease"]
[Result "0-1"]
[WhiteElo "2633"]
[BlackElo "2980"]
[TimeControl "180+1"]
[EndTime "8:18:17 PST"]
[Termination "JimDiGrease won on time"]

1. e4 c5 2. c3 d5 3. exd5 Qxd5 4.
d4 Nf6 5. Nf3 e6 6. a3 Nc6 7. Be3 cxd4 8. cxd4 Be7 9. Nc3 Qa5 10.
Bd3 O-O 11. O-O Rd8 12. b4 Qc7 13. Qc2 Bd7 14. Rac1 Rac8 15. Rfd1 h6 16. Qd2 Be8 17. Bxh6 Nxd4 18. Nxd4 Rxd4 19. Ne2 Rxd3 20. Qxd3 Bc6 21. b5 gxh6 22. bxc6 bxc6 23. Qe3 Kh7 24. Rc4 Nd5 25. Qd3+ Kh8 26. Nd4 c5 27. Qh3 Bg5 28. Nf3 Nf4 29. Rxf4 Qxf4 30. Nxg5 Qxg5 31. Qc3+ Qg7 32. Qa5 c4 33. g3 c3 34. Rc1 Qd4 35. Qa6 Rc7 36. Qa5 Qc5 37. Qxc5 Rxc5 38. Kf1 c2 39. Ke2 Rc3 40.
Kd2 Rxa3 41. Rxc2 Kg7 42. Ke2 h5 43. h4 Kg6 44. Rc7 e5 45. Kf1 f6 46. Kg2 Ra2 47.
Kf3 a5 48. Ra7 a4 49. Ke3 Ra3+ 50. Ke2 Kf5 51. Kf1 Ra1+ 52. Kg2 a3 53. Ra6 e4 54.
Ra5+ Kg6 55. Kh2 Ra2 56. Kg1 f5 57. Ra6+ Kf7 58. Kg2 Ke7 59. Kf1 Kd7 60. Kg2 Kc7 61. Ra5 e3 0-1

[Event "Early-Titled-Tuesday-Blitz-December-26-2023"]
[Site "Chess.com"]
[Date "2023.12.26"]
[Round "2"]
[White "Ezov"]
[Black "djokovic74"]
[Result "1-0"]
[WhiteElo "2175"]
[BlackElo "2662"]
[TimeControl "180+1"]
[EndTime "8:18:18 PST"]
[Termination "Ezov won by resignation"]

1. d4 e6 2. Nc3 Nf6 3. Bf4 d5 4. Qd2 Bd6 5. O-O-O c6 6. f3 O-O 7. e4 dxe4 8. fxe4 Bxf4 9. Qxf4 Nbd7 10. Nf3 b5 11.
Bd3 b4 12. Ne2 h6 13. g4 Qa5 14. Kb1 Ba6 15. g5 hxg5 16. Qxg5 Qxg5 17. Nxg5 Bxd3 18. Rxd3 g6 19. Rf1 Kg7 20. Rdf3 Nb6 21. Rxf6 Nc4 22. Rxf7+ Rxf7 23. Rxf7+ Kh6 24. Nxe6 Re8 25. d5 cxd5 26. exd5 Ne3 27. N2f4 g5 28. Rf6+ Kh7 29. Nd3 Nxd5 30. Nxg5+ Kg7 31. Ra6 Nf4 32. Rxa7+ Kg6 33. Nf3 Nd5 34.
Nfe5+ Kf5 35. Ra5 Ke4 36. Nc6 Rg8 37. a3 Rg1+ 38. Ka2 b3+ 39. Kxb3 Ne3 40. Ncb4 Rg8 41. Ra7 Rh8 42. Re7+ Kf3 43. Rc7 Ke2 44. a4 Kd2 45. Rd7 Rxh2 46. Nf4+ Kc1 47. Nfd5 Nxc2 48. Nxc2 Rxc2 49. Kb4 Rxb2+ 50. Ka5 Kc2 51. Rc7+ Kb3 52.
Nb6 Ka2 53. Ka6 Rb1 54. a5 Ka3 55. Kb7 Kb4 56. a6 Ka5 57. Rc6 Rg1 58. a7 Rg7+ 59. Rc7 Rg8 60. a8=Q+ Rxa8 61. Nxa8 1-0

[Event "Early-Titled-Tuesday-Blitz-December-26-2023"]
[Site "Chess.com"]
[Date "2023.12.26"]
[Round "2"]
[White "elchacal664"]
[Black "Chessdreamer2020"]
[Result "1/2-1/2"]
[WhiteElo "2288"]
[BlackElo "2525"]
[TimeControl "180+1"]
[EndTime "8:18:19 PST"]
[Termination "Game drawn by repetition"]

1. e4 c5 2. c3 d5 3. d3 Nf6 4. Nd2 Nc6 5. g3 e5 6. Bg2 Bg4 7. Qc2 Be7 8. h3 Be6 9. Ngf3 h6 10. O-O O-O 11. Re1 d4 12. a3 Rc8 13. c4 a6 14.
b3 b5 15. Rf1 Nh7 16. Ne1 f5 17. exf5 Bxf5 18. Ne4 Ng5 19. Nxg5 Bxg5 20. cxb5 axb5 21. Qxc5 Ne7 22. Qxe5 Bxc1 23. Nf3 Bb2 24. Rae1 Ng6 25. Qxb5 Bxa3 26. g4 Rc5 27. Qa6 Bb4 28. gxf5 Bxe1 29. fxg6 Bc3 30. Qe6+ Kh8 31. Ne5 Rxe5 32. Qxe5 Qb6 33.
Qe7 Bb4 34. Qe4 Bc3 35. Qe7 Qf6 36. Qxf6 Rxf6 37. Be4 Rb6 38. Rb1 Kg8 39. Kg2 Kf8 40.
Kf3 Ke7 41. Kg4 Kf6 42. f4 Rb5 43. h4 h5+ 44. Kf3 Rb6 45. Kg3 Rb8 46. Kf3 Rb6 47.
Kg3 Bb4 48. Ra1 Bc3 49. Ra7 Rxb3 50. Rf7+ Ke6 51. Rxg7 Be1+ 52. Kf3 Bxh4 53. f5+ Ke5 54. Rb7 Rxb7 55. Bxb7 Bf6 56. Be4 Bg7 57. Kg2 Kf4 58. Kh3 Bf6 59. g7 Bxg7 60. Kh4 Ke5 61. Kxh5 Kf6 62.
Kg4 Bh6 63. Bg2 Be3 64. Bh3 Ke5 65. Kf3 Bg5 66. Bg4 Be3 67. Bh3 Bh6 68. Bg4 Bd2 69. Kg3 Be3 70. Kh4 Kf6 71. Kh5 Bf4 72. Bh3 Bg5 73.
Kg4 Be3 74. Kf3 Ke5 75. Bg4 Bd2 76. Ke2 Be3 77. Kd1 Kf4 78. Bh3 Kg3 79. Bf1 Bg5 80. Be2 Kf4 81. Kc2 Kxf5 82. Kb3 Ke5 83. Kc4 Be3 84. Bf3 Kd6 85. Be4 Ke5 86. Kb3 Kd6 87. Kc2 Kc5 88. Kb3 Kb5 89. Kc2 Kb4 90. Kd1 Kc3 91.
Ke2 Bf4 92. Kf3 Bd6 93. Kg4 Bb4 94. Kf5 Ba3 95. Kg6 Bc1 96. Kh5 Be3 97. Kg6 Bd2 98.
Kh7 Be3 99. Kg8 Bd2 100. Kf7 Be3 101. Ke8 Bd2 102. Kd7 Be3 103. Ke6 Bd2 104. Kf5 Be3 105. Kg6 Bd2 106. Kf7 Be3 107. Ke6 Bd2 108. Kd7 Be3 109. Kc6 Bd2 110. Kd6 Be3 111. Ke6 1/2-1/2

[Event "Early-Titled-Tuesday-Blitz-December-26-2023"]
[Site "Chess.com"]
[Date "2023.12.26"]
[Round "2"]
[White "HappyPawny"]
[Black "Ruchess27"]
[Result "1-0"]
[WhiteElo "2274"]
[BlackElo "2487"]
[TimeControl "180+1"]
[EndTime "8:18:22 PST"]
[Termination "HappyPawny won on time"]

1. e4 e5 2. Nf3 Nc6 3. Bb5 a6 4. Bxc6 dxc6 5. O-O Qf6 6. d4 exd4 7. Nxd4 Bd7 8. Nc3 O-O-O 9. Nf3 Bg4 10. Qe2 Bb4 11.
e5 Qf5 12. Qe3 Bxf3 13. gxf3 Kb8 14. f4 Ne7 15. Ne4 Nd5 16. Qf3 Rhg8 17. c3 Be7 18. Ng3 Qc2 19. Qe4 Qxe4 20. Nxe4 f6 21. Be3 Nxe3 22.
fxe3 f5 23. Ng3 g6 24. Rad1 Bc5 25. Kf2 Kc8 26. Ne2 Rxd1 27. Rxd1 Rd8 28. Nd4 Be7 29. Rg1 c5 30. Nf3 c4 31. Ke2 Rd3 32.
Nd4 c5 33. Nf3 b5 34. h4 b4 35. cxb4 cxb4 36. h5 Bc5 37. Nd4 Bxd4 38. exd4 gxh5 39. Rg8+ Kd7 40. Rg7+ Ke6 41. Rxh7 Rxd4 42. Rh6+ Ke7 43. Ke3 Re4+ 44. Kf3 c3 45. bxc3 bxc3 46. Rc6 Ra4 47. Rc7+ Kd8 48. Rxc3 Rxa2 49. Rc6 Ra3+ 50. Kf2 a5 51.
Rh6 Ra2+ 52. Kf3 Ra3+ 53. Kf2 Rh3 54. Rf6 a4 55. Rxf5 a3 56. e6 a2 57. Ra5 Ke7 58.
f5 h4 59. Ra7+ Kf6 60. e7 Kf7 61. f6 1-0

[Event "Early-Titled-Tuesday-Blitz-December-26-2023"]
[Site "Chess.com"]
[Date "2023.12.26"]
[Round "2"]
[White "AjedrezInteligente"]
[Black "UnTucopalaTimba"]
[Result "1-0"]
[WhiteElo "2509"]
[BlackElo "2198"]
[TimeControl "180+1"]
[EndTime "8:18:23 PST"]
[Termination "AjedrezInteligente won by resignation"]

1. e4 c6 2. c4 d5 3. cxd5 cxd5 4. exd5 Qxd5 5. Nc3 Qa5 6. Nf3 Nf6 7. Bb5+ Bd7 8. Bxd7+ Nbxd7 9. O-O e6 10. d4 Be7 11.
Qb3 Qb6 12. Bf4 a6 13. Ne5 Qxb3 14. axb3 Nb6 15. Nc4 Nbd5 16. Nd6+ Bxd6 17. Bxd6 Kd7 18. Be5 Rac8 19. Nxd5 exd5 20. Bxf6 gxf6 21. Rfc1 Rhe8 22. Kf1 Re4 23. Rxc8 Kxc8 24. Rd1 Kd7 25. Rd3 Ke6 26. f3 Rh4 27. h3 Kd6 28. Kf2 Kc6 29. Kg3 Rh6 30.
Rc3+ Kd6 31. Rc8 Rg6+ 32. Kf2 f5 33. Rb8 Kc7 34. Rf8 Rg7 35. Re8 Kd6 36. Re5 Rg5 37.
g4 f6 38. Re8 fxg4 39. hxg4 h5 40. Rb8 hxg4 41. f4 Rg7 42. f5 g3+ 43. Kg2 Rg5 44. Rxb7 Rxf5 45. Kxg3 Rg5+ 46. Kf3 Kc6 47. Ra7 Kb5 48. Rf7 Rg6 49. Rf8 Kb4 50. Rb8+ Ka5 51. Rd8 Rg5 52. Rd6 Kb4 53. Rb6+ Ka5 54. Rxf6 Kb5 55.
Kf4 Rg2 56. Ke5 Rxb2 57. Rf3 Kc6 58. Rc3+ Kd7 59. Kxd5 a5 60. Rh3 Rg2 61. Rh7+ Ke8 62. Ra7 Rg5+ 63. Kd6 Rb5 64. d5 Rxb3 65. Ra8+ Kf7 66.
Rxa5 Rd3 67. Kd7 Rd1 68. d6 Rb1 69. Rf5+ Kg6 70. Rf2 Rd1 71. Ke7 Re1+ 72. Kd8 Rd1 73. d7 Rd5 74. Rf4 1-0

[Event "Early-Titled-Tuesday-Blitz-December-26-2023"]
[Site "Chess.com"]
[Date "2023.12.26"]
[Round "2"]
[White "NovozhilovSemen"]
[Black "Philosopherrr"]
[Result "1-0"]
[WhiteElo "2768"]
[BlackElo "2393"]
[TimeControl "180+1"]
[EndTime "8:18:26 PST"]
[Termination "NovozhilovSemen won by resignation"]

1. d4 Nf6 2. Nf3 e6 3. e3 d5 4. Bd3 Nbd7 5. O-O Bd6 6. b3 e5 7. dxe5 Nxe5 8. Be2 Qe7 9. Bb2 c6 10. Nbd2 h5 11. c4 Bg4 12. cxd5 Nxd5 13. Nxe5 Bxe5 14. Bxe5 Qxe5 15. Nc4 Qc7 16. Bf3 Rd8 17. Qd4 Bxf3 18. gxf3 O-O 19. Kh1 b5 20. Rg1 f6 21. Nb2 Rfe8 22.
Qh4 Qf7 23. Rg2 Kh7 24. Rag1 Rg8 25. Qe4+ f5 26. Qd4 g6 27. Nd3 Qg7 28. Ne5 Ne7 29.
Qa1 Rd5 30. f4 Qf6 31. Qc3 Qe6 32. Qa5 Rg7 33. Qxa7 Rd2 34. Qa5 Qd6 35. Qc3 Qd5 36. e4 fxe4 37. f5 Nxf5 38. Nxg6 e3 39. Nf8+ Kg8 40.
Ng6 exf2 41. Ne7+ Kf7 42. Nxd5 fxg1=Q+ 43. Rxg1 Rxg1+ 44. Kxg1 Rxd5 45. Qxc6 Rd1+ 46. Kf2 Rd2+ 47. Ke1 Re2+ 48. Kd1 Re6 49. Qxb5 Kf6 50. Qf1 Kg5 51.
Qf3 Re3 52. Qg2+ Kf4 53. Kc2 h4 54. Qf1+ Rf3 55. Qc4+ Kg5 56. Qd5 Rf2+ 57. Kc3 Rxh2 58.
a4 Rf2 59. a5 Rf1 60. a6 Ra1 61. Qb7 Kf4 62. a7 h3 63. a8=Q Rxa8 64. Qxa8 Ne3 65. Qh1 Kg3 66. Kd3 Ng4 67. Ke2 h2 68. b4 Nf2 69.
Qf3+ Kh4 70. Qxf2+ Kh3 71. Qf3+ Kh4 72. Qg2 1-0

[Event "Early-Titled-Tuesday-Blitz-December-26-2023"]
[Site "Chess.com"]
[Date "2023.12.26"]
[Round "2"]
[White "DrCeltic"]
[Black "MIM06"]
[Result "1-0"]
[WhiteElo "2518"]
[BlackElo "2245"]
[TimeControl "180+1"]
[EndTime "8:18:26 PST"]
[Termination "DrCeltic won by resignation"]

1. e4 c6 2. d4 d5 3. exd5 cxd5 4. c4 Nf6 5. Nc3 e6 6. Nf3 Bb4 7. cxd5 Nxd5 8. Bd2 O-O 9. Bd3 Nxc3 10. bxc3 Be7 11. Qe2 Nd7 12. O-O Nf6 13. Bg5 h6 14.
Bh4 Nd5 15. Bxe7 Qxe7 16. Qd2 b6 17. Rfe1 Bb7 18. c4 Nf6 19. d5 Rfd8 20. dxe6 Bxf3 21. gxf3 fxe6 22. Qe2 e5 23. Bg6 Nd7 24. Be4 Rac8 25. Bd5+ Kh8 26. Kh1 Qh4 27. Rg1 Nf6 28. Qxe5 Qxf2 29.
Rxg7 Kxg7 30. Rg1+ Qxg1+ 31. Kxg1 Re8 32. Qg3+ Kh7 33.
Qd6 Nxd5 34. cxd5 Rg8+ 35. Kf2 Rg7 36. Qf6 Rcc7 37. Qf5+ Kg8 38. Qe6+ Kh7 39. f4 Rce7 40. Qf5+ Kg8 41. d6 Rd7 42. Qe6+ Kh7 43. f5 h5 44. Kf3 h4 45. Qf6 Rgf7 46. Qxh4+ Kg7 47. Qd4+ Rf6 48. Kg4 Rxd6 49. Qe5 Kf7 50. Kg5 Rh6 51.
h4 Rc6 52. Qd5+ Ke7 53. Qe5+ Kf7 54. Qd5+ Ke7 55. Qg8 Rhf6 56. Qg7+ Rf7 57. Qe5+ Kf8 58. Qb8+ Kg7 59. Qe5+ Rcf6 60. h5 Rf8 61. h6+ Kh7 62.
Qxf6 Rxf6 63. Kxf6 Kxh6 64. Ke7 b5 65. f6 b4 66. f7 b3 67. f8=Q+ Kg6 68. axb3 1-0

[Event "Early-Titled-Tuesday-Blitz-December-26-2023"]
[Site "Chess.com"]
[Date "2023.12.26"]
[Round "2"]
[White "Giantgoogachess"]
[Black "BardArtem"]
[Result "0-1"]
[WhiteElo "2379"]
[BlackElo "2704"]
[TimeControl "180+1"]
[EndTime "8:18:29 PST"]
[Termination "BardArtem won by resignation"]

1. d4 d5 2. c4 e6 3. Nc3 c5 4.
cxd5 cxd4 5. Qxd4 Nc6 6. Qd1 exd5 7. Qxd5 Bd6 8. Nf3 Nf6 9. Qd1 O-O 10. g3 Bf5 11.
Bg2 Qe7 12. O-O Rfd8 13. Qa4 Bc5 14. Bg5 h6 15. Bxf6 Qxf6 16. Ne4 Bxe4 17. Qxe4 Re8 18. Qc2 Bb6 19. e3 Rac8 20. Qb3 Na5 21. Qb5 Nc4 22. b3 Nd6 23. Qd5 Ne4 24. Nd4 Nc3 25. Qxb7 Bxd4 26. exd4 Qxd4 27. Kh1 Rcd8 28. Qf3 Ne4 29.
Kg1 Nd2 30. Qd1 Nxf1 31. Qxd4 Rxd4 32. Bxf1 Rd2 33. Bc4 Kf8 34. a4 a5 35. Rf1 g5 36. h3 Kg7 37. Kg2 f5 38. Rc1 Rc8 39. Re1 Rc5 40. Re7+ Kf6 41. Re6+ Kg7 42. Re7+ Kf8 43.
Rh7 Rd6 44. Rh8+ Kg7 45. Rg8+ Kf6 46. Rh8 Ke5 47. Rf8 Kd4 48. Kf3 Re5 49. Rb8 Kc3 50. Rb7 h5 51. Rh7 g4+ 52. hxg4 hxg4+ 53. Kf4 Rc5 54. Rf7 Rd2 55. Ke3 Re5+ 56. Kf4 Re4+ 57. Kg5 Rxf2 58. Rxf5 Rf3 59. Bd5 Rxf5+ 60. Kxf5 Rd4 61.
Bc4 Kd2 62. Ke5 Ke3 63. Be6 Rb4 64. Bd5 Rd4 65. Be6 Rb4 66. Bd5 Rb8 67. Be6 Re8 68. Kf5 Kf3 69. Kg5 Kxg3 70. Bxg4 Rg8+ 0-1

[Event "Early-Titled-Tuesday-Blitz-December-26-2023"]
[Site "Chess.com"]
[Date "2023.12.26"]
[Round "2"]
[White "suyu28"]
[Black "JackRodgers"]
[Result "1-0"]
[WhiteElo "2790"]
[BlackElo "2560"]
[TimeControl "180+1"]
[EndTime "8:18:32 PST"]
[Termination "suyu28 won on time"]

1. d4 c5 2. d5 e5 3. Nc3 d6 4. e4 Be7 5. Bb5+ Nd7 6. a4 a6 7.
Bd3 Ngf6 8. Nge2 Nf8 9. O-O Ng6 10. f3 O-O 11. Be3 Bd7 12. g4 h5 13. h3 hxg4 14.
hxg4 Bxg4 15. fxg4 Nxg4 16. Qd2 Nxe3 17. Qxe3 Bg5 18.
Qh3 Bf4 19. Nxf4 Nxf4 20. Rxf4 exf4 21. e5 Qg5+ 22. Kf1 g6 23. exd6 Kg7 24. Qg2 Qf6 25.
Re1 f3 26. Qg3 Rh8 27. Kf2 Qd4+ 28. Kxf3 Rae8 29. Re7 Qf6+ 30. Kg2 Rxe7 31. dxe7 Qxe7 32. Ne2 Rh5 33. d6 Qd8 34. Qf4 b5 35. axb5 axb5 36. b4 c4 37. Qd4+ f6 38. Be4 Qh8 39. Ng3 Rh2+ 40.
Kf3 Qh3 41. Qa7+ Kh6 42. Qe3+ Kg7 43. Qa7+ Kh6 44. Qg1 f5 45. Bc6 Qg4+ 46. Ke3 f4+ 47. Kd4 fxg3+ 48. Kc5 Qf5+ 49. Kb6 Qf2+ 50. Qxf2 gxf2 51.
d7 f1=Q 52. d8=Q Qf2+ 53. Ka6 Qf5 54. Qh8+ Kg5 55. Qxh2 Qe6 56. Qg3+ Kf6 57. Qf3+ Ke7 58. Qe4 c3 59. Qxe6+ Kxe6 60. Bxb5 g5 61. Bf1 Kd5 62. b5 1-0

[Event "Early-Titled-Tuesday-Blitz-December-26-2023"]
[Site "Chess.com"]
[Date "2023.12.26"]
[Round "2"]
[White "hsd2016"]
[Black "JafarTheParrot"]
[Result "0-1"]
[WhiteElo "2261"]
[BlackElo "2524"]
[TimeControl "180+1"]
[EndTime "8:18:35 PST"]
[Termination "JafarTheParrot won by resignation"]

1. e4 Nf6 2. e5 Nd5 3. c4 Nb6 4.
d4 d6 5. f4 g6 6. Nc3 Bg7 7. Be3 O-O 8. Rc1 dxe5 9. fxe5 c5 10. dxc5 N6d7 11. e6 fxe6 12. Nf3 Nc6 13. Be2 b6 14.
cxb6 axb6 15. a3 Nc5 16. O-O e5 17. Qd5+ Qxd5 18. Nxd5 Nd4 19. Nxd4 exd4 20. Nxe7+ Kh8 21. Rxf8+ Bxf8 22. Bxd4+ Bg7 23. Bxg7+ Kxg7 24. Bf3 Rb8 25. Rd1 Be6 26. b4 Na4 27. Nd5 Rd8 28. Ne3 Rc8 29. Rc1 Kf6 30. Kf2 Ke5 31. Ke2 Kd4 32.
Rd1+ Kc3 33. Bd5 Bd7 34. Rd3+ Kb2 35. Nd1+ Kc1 36. Nc3 Nb2 37. Na2+ Kc2 38. Rd2+ Kb1 39. Nc3+ Kc1 40. Na2+ Kb1 41. Nc3+ Ka1 42. h3 Bf5 43. g4 Bd7 44. Rc2 Nxc4 45. Rc1+ Kb2 46. Nd1+ Kb3 47. Rb1+ Ka4 48. Nc3+ Kxa3 49. Ne4 Bb5 50.
Kf2 Rf8+ 51. Kg2 Ne5 52. Kg3 Bd3 53. Ra1+ Kb2 54. Re1 g5 55. Nf6 Nc4 56. Ne4 h6 57. b5 Ka3 58. Nd2 Nxd2 59. Rd1 Bxb5 60. Rxd2 Kb4 61.
Rb2+ Kc5 62. Bf3 Bc4 63. Rc2 b5 64. h4 gxh4+ 65. Kg2 Rxf3 66. Kxf3 b4 67. Kg2 b3 68. Rb2 Kb4 69. Kh3 Kc3 70. Rb1 Bd3 71. Rc1+ Kd2 72. Rc5 b2 73. Rb5 Bxb5 0-1

[Event "Early-Titled-Tuesday-Blitz-December-26-2023"]
[Site "Chess.com"]
[Date "2023.12.26"]
[Round "2"]
[White "ilushka"]
[Black "Andrei_Skvortsov"]
[Result "1-0"]
[WhiteElo "2457"]
[BlackElo "2677"]
[TimeControl "180+1"]
[EndTime "8:18:37 PST"]
[Termination "ilushka won by resignation"]

1. Nf3 g6 2. e4 Bg7 3. d4 c6 4. h3 d5 5. Nc3 dxe4 6. Nxe4 Nf6 7. Nxf6+ exf6 8. Bc4 Qe7+ 9. Qe2 Be6 10. Bxe6 fxe6 11. O-O O-O 12. Re1 Re8 13. Bf4 Nd7 14. Qc4 Nb6 15. Qb3 Nd5 16. Bg3 Qb4 17. c3 Qb6 18.
Nd2 Qxb3 19. axb3 Bf8 20. b4 b5 21. Ra6 Nb6 22. Rea1 Na4 23. Rxc6 Nxb2 24. Raa6 Kf7 25. Ne4 Nc4 26. Nc5 e5 27. Rxf6+ Kg7 28. dxe5 Bxc5 29. bxc5 Nxe5 30. Rfe6 Rxe6 31. Rxe6 Nf7 32. Ra6 Rc8 33. c6 Ng5 34. Rxa7+ Kf6 35. Bh4 Kf5 36. Ra5 Ne4 37. Rxb5+ Ke6 38. Rb4 Kd5 39. Rd4+ Ke5 40. Bg3+ Kf5 41. c7 Nxg3 42. fxg3 Rxc7 43. c4 Ke5 44. Rh4 g5 45. Rg4 Kf5 46. Rd4 h6 47. Kf2 Ke5 48.
Ke3 Ra7 49. Rd5+ Ke6 50. Kd4 Ra2 51. Rb5 Rxg2 52. Rb6+ Ke7 53. g4 Rd2+ 54. Kc5 h5 55. gxh5 Rh2 56. Rg6 Rxh3 57. Rxg5 Kf6 58. Rd5 Ke6 59. Kc6 Ra3 60. Rd6+ Ke7 61. Rd7+ Ke6 62. Rb7 Rh3 63. Rh7 Rh1 64. c5 Rh2 65. Kc7 Rc2 66.
c6 Kd5 67. Rd7+ Kc5 68. h6 Kb5 69. Kb7 Rh2 70. c7 Rxh6 71. c8=Q Rb6+ 72. Ka8 1-0

[Event "Early-Titled-Tuesday-Blitz-December-26-2023"]
[Site "Chess.com"]
[Date "2023.12.26"]
[Round "2"]
[White "ahkashefi2800"]
[Black "TanitoluwaAps116"]
[Result "1/2-1/2"]
[WhiteElo "2555"]
[BlackElo "2748"]
[TimeControl "180+1"]
[EndTime "8:18:38 PST"]
[Termination "Game drawn - insufficient material"]

1. d4 Nf6 2. Nf3 e6 3. g3 b5 4. Bg2 Bb7 5. Bg5 c5 6. c3 cxd4 7. cxd4 Be7 8. O-O a6 9. a4 b4 10. Nbd2 d6 11. Rc1 Nbd7 12. Re1 O-O 13. e4 h6 14.
Bxf6 Bxf6 15. Qe2 a5 16. e5 dxe5 17. dxe5 Be7 18. Red1 Nc5 19. Ne4 Qb6 20. Nxc5 Bxc5 21.
Nd2 Bxg2 22. Kxg2 Rfd8 23. b3 Bd4 24. Nf3 Bc5 25. Qe4 Bxf2 26. Rd6 Qe3 27. Qxe3 Bxe3 28. Rcd1 Rdc8 29. R1d3 Bc5 30. Rd7 Kf8 31. Nd2 Be7 32.
Nc4 Rc5 33. Rb7 Rd5 34. Rf3 Rc8 35. Kh3 Rd4 36. Nb6 Rcd8 37. Nc4 g5 38. Kg2 g4 39.
Rf2 Rd3 40. Nxa5 R8d7 41. Rxd7 Rxd7 42. Nc4 Bc5 43. Ra2 h5 44. a5 Ke7 45. a6 Ra7 46. Ra5 Bd4 47. Kf1 Kd7 48. Nd2 Kc6 49. Ne4 Kb6 50. Ra4 Bxe5 51. Rxb4+ Kc6 52. Ra4 Kb5 53. Ke2 f6 54. Nd2 Rxa6 55. Rxa6 Kxa6 56. Nc4 Bd4 57. Kd3 Bg1 58. Nd2 Bxh2 59. Ne4 f5 60. Nc5+ Kb5 61.
Nxe6 Bxg3 62. Ng7 h4 63. Nxf5 Bf2 64. Ke2 g3 65. Nxh4 Kb4 66. Kf3 Be1 67. Nf5 Kxb3 68. Kg2 Bf2 69. Nxg3 1/2-1/2

[Event "Early-Titled-Tuesday-Blitz-December-26-2023"]
[Site "Chess.com"]
[Date "2023.12.26"]
[Round "2"]
[White "rikchessmx"]
[Black "a-z30"]
[Result "1/2-1/2"]
[WhiteElo "2216"]
[BlackElo "2501"]
[TimeControl "180+1"]
[EndTime "8:18:41 PST"]
[Termination "Game drawn by repetition"]

1. e4 d6 2. d4 Nf6 3. Nc3 g6 4. f3 Bg7 5. Be3 O-O 6. Qd2 e5 7. Nge2 Nc6 8. d5 Ne7 9. g4 c6 10. dxc6 bxc6 11. O-O-O d5 12. g5 Nh5 13. exd5 cxd5 14. Nxd5 Nxd5 15. Qxd5 Qxd5 16. Rxd5 Bb7 17. Rd7 Bxf3 18. Rg1 a5 19. Nc3 Nf4 20. Bc4 Rac8 21. Ba6 Rxc3 22. bxc3 Nd5 23. Bc5 Re8 24. Bb7 Nxc3 25.
Bxf3 e4 26. Bg4 e3 27. Re1 Nxa2+ 28. Kd1 Nc3+ 29. Kc1 Na2+ 30. Kb1 Nc3+ 31. Kb2 Na4+ 32. Kb3 Nxc5+ 33. Kc4 Nxd7 34. Bxd7 Rd8 35. Bc6 Bd4 36. c3 Ba7 37. Bf3 Kg7 38. h4 h6 39. gxh6+ Kxh6 40. Bd5 f5 41. Bf7 Rc8+ 42. Kd3 Rd8+ 43. Kc4 Rf8 44. Be6 f4 45. Bg4 f3 46. Ra1 f2 47.
Be2 Rf4+ 48. Kb5 a4 49. Rxa4 Rxa4 50. Kxa4 Bb6 51. Kb5 Bd8 52. c4 Bxh4 53. c5 Bg3 54. Kc4 Kg5 55. Kd3 Bf4 56. c6 Kh4 57. c7 Bxc7 58. Kxe3 Bb6+ 59. Kf3 g5 60. Kg2 g4 61. Bf1 Bc5 62. Be2 Kg5 63. Kg3 Bd4 64. Bf1 Kf5 65.
Bd3+ Kg5 66. Bf1 Bc5 67. Bd3 Kh5 68. Be2 Kg5 69. Bd3 Bd4 70. Be2 Be3 71. Bd3 Kh5 72.
Be2 Kg5 73. Bf1 Bc5 74. Be2 Kf5 75. Bxg4+ Ke4 76. Bh3 Ke3 77. Bg2 Kd2 78. Kf3 Ke1 79. Bh3 Bb6 80. Ke4 Bc7 81. Kf3 Bb8 82. Ke3 Bd6 83. Kd3 Bg3 84. Bg2 Bh2 85. Ke3 Bg1 86.
Kf3 Kd1 87. Kg4 Kc1 88. Kh3 Kb2 89. Kg3 Kc3 90. Kf3 Kd4 91. Ke2 Ke5 92. Kf1 Kf4 93. Bb7 Ke3 94. Ba6 Bh2 95. Be2 Be5 96. Bg4 Kf4 97.
Bh5 Kg3 98. Be2 Bd4 99. Ba6 Bb6 100. Be2 Kf4 101. Ba6 Ke3 102. Be2 Kf4 103. Ba6 Kg3 104. Be2 Kh2 105. Ba6 Kg3 1/2-1/2

[Event "Early-Titled-Tuesday-Blitz-December-26-2023"]
[Site "Chess.com"]
[Date "2023.12.26"]
[Round "2"]
[White "slorovel"]
[Black "Elsa167"]
[Result "0-1"]
[WhiteElo "2642"]
[BlackElo "2990"]
[TimeControl "180+1"]
[EndTime "8:18:43 PST"]
[Termination "Elsa167 won by resignation"]

1. e4 e6 2. d4 d5 3. exd5 exd5 4. Bd3 Nf6 5. Ne2 Bd6 6. O-O h6 7. Nbc3 O-O 8. Bf4 Re8 9. f3 c5 10. Bxd6 Qxd6 11. dxc5 Qxc5+ 12. Kh1 Nc6 13. Ng3 Bd7 14. Qd2 Qb4 15. a3 Qh4 16. Qf2 d4 17. Nce4 Nd5 18. Nd6 Re5 19. f4 Re3 20. Ngf5 Qxf2 21. Rxf2 Bxf5 22.
Nxf5 Ree8 23. Nd6 Re7 24. f5 Nf6 25. h3 Rd8 26. Nc4 Kf8 27. b4 a6 28. Kg1 b5 29. Nd2 Ne5 30. Nb3 Nxd3 31. cxd3 Rd6 32. Nc5 Nd5 33. Raa2 Nc3 34. Rac2 Re1+ 35. Kh2 Ke7 36.
Rf4 Re5 37. Nb3 Ne2 38. Rf2 Nc3 39. Rf4 Ne2 40. Re4 Rxe4 41. dxe4 d3 42. Rd2 Nc3 43.
e5 Rd5 44. Nc5 a5 45. Rxd3 Rxd3 46. Nxd3 a4 47. Nf4 Nb1 48. Nd5+ Kd8 49. g4 Nxa3 50. Nc3 Nc2 51. Nxb5 Nxb4 52. h4 Nc2 53. Nc3 a3 54.
g5 hxg5 55. hxg5 Nd4 56. f6 gxf6 57. exf6 Nf3+ 58. Kg3 Nxg5 59. Kf4 Ne6+ 60. Ke5 Kd7 61. Na2 Nc5 62. Kd5 Nd3 63. Kd4 Nf2 64. Kc3 Ke6 65.
Kb3 Kxf6 66. Kxa3 Ke5 67. Kb2 Kd4 68. Kc2 Ne4 69. Nc1 Ke3 70. Kd1 Nf2+ 71. Ke1 Nd3+ 72. Nxd3 Kxd3 73. Kf2 Ke4 74. Ke2 Kf4 75. Kf2 f5 76.
Kf1 Kf3 77. Ke1 Kg2 78. Ke2 f4 79. Ke1 f3 0-1